 Dungeon Crawl Stone Soup version 0.27-a0-1228-gfd60fd639a (webtiles) character file.

Game seed: 17516466636610111656

71 HendSelp the Twirler (level 4, 0/36 HPs)
             Began as a Draconian Gladiator on June 8, 2021.
             Succumbed to an adder's poison
             ... on level 2 of the Dungeon.
             The game lasted 00:03:08 (1614 turns).

HendSelp the Twirler (Draconian Gladiator)          Turns: 1614, Time: 00:03:08

Health: 0/36       AC:  5    Str: 17    XL:     4   Next: 5%
Magic:  4/4        EV: 12    Int:  8    God:
Gold:   58         SH:  0    Dex: 13    Spells: 3/3 levels left

rFire    . . .     SeeInvis .   a - +1 quarterstaff
rCold    . . .     Faith    .   (shield currently unavailable)
rNeg     . . .     Spirit   .   (armour unavailable)
rPois    .         Reflect  .   b - +0 hat
rElec    .         Harm     .   (no cloak)
rCorr    .         Rampage  .   (no gloves)
Will     .....                  (no boots)
Stlth    +.........             (no amulet)
HPRegen  0.12/turn              (no ring)
MPRegen  0.09/turn              (no ring)

@: lethally poisoned (0 -> -2), hasted, very quick
A: AC +5, unfitting armour, cold-blooded
a: no special abilities


You were on level 2 of the Dungeon.
You visited 1 branch of the dungeon, and saw 2 of its levels.

You collected 58 gold pieces.

Inventory:

Hand Weapons
 a - a +1 quarterstaff (weapon)
Missiles
 c - a throwing net (quivered)
Armour
 b - a +0 hat (worn)
Scrolls
 f - 2 scrolls of immolation
Potions
 d - a potion of haste


   Skills:
 - Level 2.1 Fighting
 + Level 5.0 Staves
 - Level 1.7 Throwing
 - Level 2.6 Dodging


You had 3 spell levels left.
You didn't know any spells.
Your spell library contained the following spells:

 Spells                   Type           Power      Damage    Failure   Level
 Summon Small Mammal      Summ           0%         N/A       41%         1
 Call Imp                 Summ           0%         N/A       54%         2
 Call Canine Familiar     Summ           0%         N/A       78%         3
 Summon Guardian Golem    Hex/Summ       0%         N/A       78%         3
 Summon Ice Beast         Ice/Summ       0%         N/A       99%         4
 Summon Lightning Spire   Summ/Air       0%         N/A       99%         4


Dungeon Overview and Level Annotations

Branches:
Dungeon (2/15)

Altars:


Innate Abilities, Weirdness & Mutations

Your plain brown scales are hard. (AC +5)
You cannot fit into any form of body armour.
You are cold-blooded and may be slowed by cold attacks.


Message History

Unknown command.
You sock the adder!
The adder is severely wounded.
You feel sick. The adder bites you.
You are lethally poisoned!
The adder poisons you!
Throw: 2 throwing nets
Press: ? - help, Q - select action Shift-Dir - straight line, f - adder
Aim: an adder (severely wounded, 38% to hit)
You throw a throwing net. The throwing net misses the adder.
* * * LOW HITPOINT WARNING * * *
You feel sick. The adder bites you but does no damage.
Throw: throwing net
Press: ? - help, Q - select action Shift-Dir - straight line, f/p - adder
Aim: an adder (severely wounded, 38% to hit)
Okay, then.
It was a potion of cancellation.
You feel magically purged.
* * * LOW HITPOINT WARNING * * *
You feel sick. The adder closely misses you.
Unknown command.
You sock the adder!
You kill the adder!
* * * LOW HITPOINT WARNING * * *
You feel sick.
Your Staves skill increases to level 5!
You have reached level 4!
You feel agile.
Unknown command.
Unknown command.
You feel yourself speed up.
* * * LOW HITPOINT WARNING * * *
You feel sick.
* * * LOW HITPOINT WARNING * * *
You feel sick.
You see here an adder corpse.
Unknown command.
There is a stone staircase leading down here.
* * * LOW HITPOINT WARNING * * *
You feel sick.
You die...

#.....#.#..######...#
#.....#........###..#
#.....###..###.# #..# ##.####
#....#.# #..# #.# #......#
#..# #.# #..#.### #..# #..#†#
#..# #..#>#####..#
####.@.........# ....
......#.#.######.# ...
#####.#.#.######.# .)##
#..).........#
#..########..#(###.####
#............#.###.####
#....#######.<..##)...#
####............#..##....#
#.......#########..#.....####


There were no monsters in sight!

Vanquished Creatures
  2 adders (D:2)
  A worm (D:2)
  A dart slug (D:1)
  7 ball pythons
  4 endoplasms
  5 giant cockroaches
  6 hobgoblins
  2 jackals (D:2)
  A quokka (D:1)
  3 bats (D:1)
  3 frilled lizards
  6 kobolds
  4 rats (D:1)
45 creatures vanquished.

Notes
Turn   | Place    | Note
-------+----------+-------------------------------------------
     0 | D:1      | HendSelp the Draconian Gladiator began the quest for the
                  | Orb.
     0 | D:1      | Reached XP level 1. HP: 17/17 MP: 1/1
   275 | D:1      | Reached XP level 2. HP: 24/24 MP: 2/2
   381 | D:1      | Found a faded altar of an unknown god.
   428 | D:1      | Reached skill level 4 in Staves
   559 | D:1      | Reached XP level 3. HP: 29/29 MP: 3/3
  1610 | D:2      | Reached skill level 5 in Staves
  1610 | D:2      | Reached XP level 4. HP: 4/36 MP: 4/4
  1613 | D:2      | HP: 1/36 [poisoned by an adder]
  1614 | D:2      | Succumbed to an adder's poison

Illustrated notes

Levels and vault maps discovered:
D:1:      minmay_arrival_stone_box, layout_rooms,
          shapermc_ecumenical_altar_notcrosses, minmay_pentomino_x2
D:2:      layout_loops_ring, minivault_24, minmay_misc_feat_room,
          kennysheep_pointless_box, kennysheep_small_spiral

Skill      XL: |  1  2  3 |
---------------+----------+-----
Staves         | 4 5 |  5.0
Fighting       | |  2.1
Throwing       | |  1.7
Dodging        | |  2.6

Action                   |  1- 3 |  4- 6 || total
-------------------------+-------+-------++-------
Melee: Quarterstaff      |   131 |       ||   131
       Tailslap          |    13 |       ||    13
Throw: Throwing net      |     4 |       ||     4
  Use: Scroll            |     6 |       ||     6
       Potion            |     2 |     1 ||     3
 Stab: Sleeping          |     2 |       ||     2
Armor: Skin              |    43 |       ||    43
Dodge: Dodged            |    98 |       ||    98

Table legend: (Time is in decaauts)
 A = Elapsed time spent in this place.
 B = Non-inter-level travel time spent in this place.
 C = Inter-level travel time spent in this place.
 D = Time resting spent in this place.
 E = Time spent auto-exploring this place.
 F = Levels seen in this place.
 G = Mean time per level.
                   A        B        C        D        E       F      G
               +--------+--------+--------+--------+--------+-----+--------+
         Total |   1624 |   1618 |      6 |    298 |   1051 |   2 |  812.0 |
       Dungeon |   1624 |   1618 |      6 |    298 |   1051 |   2 |  812.0 |
               +--------+--------+--------+--------+--------+-----+--------+

Top non-repeatable levels by time:
     D:2: 854 daAuts
     D:1: 770 daAuts
